AoeStats
← Barón de la Cerveza

Arabian Desert

508548602Analyzed
1v1 RM · 10d ago on Sep 23, 2026· 49m 30s· 2 players
Game mode
Random Map
Map size
Tiny (2 player)
Population
200
Speed
Normal
Resources
Standard
Victory
Conquest
Starting age
Dark Age
Ending age
Imperial Age
RankedLock teamsTeams togetherTeam positionsShared explorationLock speedFull tech treeHidden civsTurbo modeCheats
Victory
Defeat
🇲🇽 Varangians · Mexico
1867
+16
🇨🇳 Saxons · China
1868
-16
Barón de la Cerveza
7:40 Loom
10:00 Feudal Age
10:17 Man-at-Arms
13:01 Double-Bit Axe
15:38 Fletching
25:01 Castle Age
25:07 Crossbowman
25:43 Bodkin Arrow
26:31 Bow Saw
29:21 Wheelbarrow
36:13 Imperial Age
35:07 Scale Barding Armor
35:42 Horse Collar
37:25 Chain Barding Armor
38:19 Heavy Plow
39:35 Two-Man Saw
41:06 Plate Barding Armor
42:05 Bloodlines
41:55 Husbandry
41:45 Elite Skirmisher
42:27 Padded Archer Armor
43:31 Bracer
44:23 Leather Archer Armor
46:01 Ballistics
46:41 Chemistry
45:16 Elite Varangian Guard
46:57 Scale Mail Armor
47:22 Town Watch
48:41 Masonry
49:09 Squires
49:26 Chain Mail Armor
ccbaby
6:17 Loom
8:46 Feudal Age
8:55 Man-at-Arms
9:45 Double-Bit Axe
10:40 Arson
13:29 Horse Collar
15:06 Town Watch
17:05 Padded Archer Armor
16:56 Fletching
20:49 Scale Mail Armor
24:32 Castle Age
22:50 Gold Mining
25:23 Wheelbarrow
25:09 Bodkin Arrow
24:50 Elite Skirmisher
26:37 Leather Archer Armor
26:51 Bow Saw
26:41 Heavy Plow
27:14 Hand Cart
27:07 Squires
29:12 Ballistics
30:30 Stone Mining
31:16 Gold Shaft Mining
31:45 Sanctity
35:23 Imperial Age
35:00 Chain Mail Armor
35:02 Forging
38:08 Imperial Age
37:10 Masonry
37:56 Iron Casting
37:12 Crossbowman
38:54 Bracer
39:55 Chemistry
39:10 Crossbowman
39:56 Thumb Ring
39:52 Arbalester
41:05 Siege Engineers
42:14 Conscription
44:52 Plate Mail Armor
45:11 Elite Hearth Troop
46:54 Ring Archer Armor
46:57 Clerical Recruitment
49:52 Architecture
49:56 Murder Holes
Connection lost

Rejoining the realm…

Still unreachable

The connection could not be restored.

Session expired

The server has moved on; the page needs a fresh start.